 Dungeon Crawl Stone Soup version 0.18.1-8-gdd0e5ea (webtiles) character file.

14 GFox the Firebug (level 2, -3/15 HPs)
             Began as a Gargoyle Fire Elementalist on May 24, 2016.
             Was an Initiate of Sif Muna.
             Killed from afar by Natasha (9 damage)
             ... with a magic dart
             ... on level 2 of the Dungeon.
             The game lasted 00:10:08 (1052 turns).

GFox the Firebug (Gargoyle Fire Elementalist)       Turns: 1052, Time: 00:10:09

Health: -3/15      AC:  4    Str: 11    XL:     2   Next: 45%
Magic:  2/5        EV: 12    Int: 15    God:    Sif Muna [......]
Gold:   111        SH:  0    Dex: 14    Spells: 1 memorised, 4 levels left

rFire  . . .     SeeInvis .     l - +2 whip (drain)
rCold  . . .     Gourm    .     a - +0 robe
rNeg   + . .     Faith    .     (no shield)
rPois  ∞         Spirit   .     (no helmet)
rElec  +         Dismiss  .     (no cloak)
rCorr  .         Reflect  .     (no gloves)
SustAt .         Harm     .     (no boots)
MR     .....                    (no amulet)
Stlth  ++........               (no ring)
                                n - +4 ring of dexterity

@: not resistant to hostile enchantments, unstealthy
A: negative energy resistance 1, electricity resistance, unbreathing,
petrification resistance, rot immunity, AC +2
a: Renounce Religion


You were on level 2 of the Dungeon.
You worshipped Sif Muna.
Sif Muna was noncommittal.
You were not hungry.

You visited 1 branch of the dungeon, and saw 2 of its levels.

You collected 111 gold pieces.

Inventory:

Hand Weapons
 l - a +2 whip of draining (weapon)
Armour
 a - a +0 robe (worn)
Jewellery
 n - a +4 ring of dexterity (left hand)
Scrolls
 e - a scroll of immolation {unknown}
 j - 3 scrolls of identify {unknown}
 k - a scroll of noise {unknown}
 m - a scroll of remove curse {unknown}
 p - a scroll of amnesia {unknown}
 q - a scroll of teleportation {unknown}
Potions
 d - a potion of agility {unknown}
 f - a potion of resistance {unknown}
 g - a potion of might {unknown}
 h - a potion of berserk rage {unknown}
Books
 b - a book of Flames

   Spells                             Type                      Level
   a - Flame Tongue                   Conjuration/Fire             1
   b - Throw Flame                    Conjuration/Fire             2
   c - Conjure Flame                  Conjuration/Fire             3
   d - Inner Flame                    Hexes/Fire                   3
   e - Sticky Flame                   Conjuration/Fire             4
   f - Fireball                       Conjuration/Fire             5
Comestibles
 c - 3 bread rations
 i - a slice of pizza


   Skills:
 + Level 1.8 Dodging
 + Level 2.4 Stealth
 + Level 2.0 Spellcasting
 + Level 1.3 Conjurations
 + Level 3.3 Fire Magic


You had 4 spell levels left.
You knew the following spells:

 Your Spells              Type           Power        Failure   Level  Hunger
a - Flame Tongue          Conj/Fire      #....        12%         1    #......


Dungeon Overview and Level Annotations

Branches:
Dungeon (2/15)

Altars:
Ashenzari
Sif Muna
Xom

Annotations:
D:2 Natasha


Innate Abilities, Weirdness & Mutations

You are resistant to torment.
Your stone body is resilient (AC +2).
You are immune to poison.
You resist negative energy.
You are resistant to electric shocks.
You can survive without breathing.
You are immune to petrification.
You are immune to rotting.


Message History

Ouch! That really hurt!
Casting: Flame Tongue
Confirm with . or Enter, or press ? or * to list all spells.
Aiming: Flame Tongue
Press: ? - help, Shift-Dir - straight line, f/p - Natasha
Aim: Natasha The flame tongue hits Natasha.
Natasha is lightly wounded.
Natasha claws you but does no damage.
Casting: Flame Tongue
Confirm with . or Enter, or press ? or * to list all spells.
Aiming: Flame Tongue
Press: ? - help, Shift-Dir - straight line, f/p - Natasha
Aim: Natasha (lightly wounded)
The flame tongue hits Natasha.
Natasha is heavily wounded.
Natasha casts a spell at you. The magic dart hits you!
Ouch! That really hurt!
You die...

#.#
#.##########
#.# #.#
#......<. #.#
#.#############
#.###
#.............#
#.#..
#############.#
#.#.. #.# #.#..
#### #.# #.'..
#..##.#.# ###..
#.@h..#.# #..
#.#####.# #..
#.# #.# #.. #.#
#.# #.. #.# #.#
#.. #.# #.# #..
#.#####.#####.#
#..
#.............#
#..
#.#####.#######
#..


You could see Natasha.

Vanquished Creatures
  A dart slug (D:1)
  A goblin (D:1)
  A hobgoblin (D:1)
  4 bats
  A giant newt (D:1)
  4 kobolds
  3 rats (D:1)
15 creatures vanquished.

Notes
Turn   | Place    | Note
--------------------------------------------------------------
     0 | D:1      | GFox the Gargoyle Fire Elementalist began the quest for the Orb.
     0 | D:1      | Reached XP level 1. HP: 10/10 MP: 3/3
   260 | D:1      | Reached XP level 2. HP: 15/15 MP: 0/5
   371 | D:1      | Found a shattered altar of Ashenzari.
   825 | D:2      | Found a deep blue altar of Sif Muna.
   828 | D:2      | Became a worshipper of Sif Muna the Loreminder
   982 | D:2      | Found a shimmering altar of Xom.
  1047 | D:2      | Noticed Natasha
  1052 | D:2      | Killed from afar by Natasha

Action                   || total
-------------------------++-------
Melee: Unarmed           ||    14
       Whip              ||     1
 Cast: Flame Tongue      ||    29
  Eat: Chunk             ||     1
Armor: Robe              ||     8
Dodge: Dodged            ||    20
